 Dungeon Crawl Stone Soup version 0.31.0-32-g396128a36d (webtiles) character file.

Game seed: 15739991782241186242

18939 Henri the Bludgeoner (level 12, -4/113 HPs)
             Began as a Minotaur Fighter on Apr 6, 2024.
             Was an Elder of Qazlal.
             Slain by a minotaur
             ... wielding a +0 falchion
              (31 damage)
             ... in a Gauntlet.
             The game lasted 00:26:46 (10125 turns).

Henri the Bludgeoner (Minotaur Fighter)            Turns: 10125, Time: 00:26:46

Health: -4/113     AC: 11    Str: 24      XL:     12   Next: 32%
Magic:  11/11      EV: 13    Int:  8      God:    Qazlal [****..]
Gold:   494        SH: 11    Dex: 17 (18) Spells: 11/11 levels left

rFire   . . .        f - +2 morningstar of the Sage {heavy, rElec Int+3 Dex+6}
rCold   . . .        c - +0 buckler
rNeg    . . .        b - +0 scale mail
rPois   .            (helmet restricted)
rElec   +            (no cloak)
rCorr   .            L - +0 pair of gloves
SInv    .            E - +0 pair of boots "Ekhuil" {Slay+3}
Will    ++...        v - amulet of regeneration Stlth
                     r - ring of willpower
HPRegen 1.18/turn    s - ring of willpower
MPRegen 0.12/turn

%: no teleportation, repel missiles
@: no status effects
A: horns 2, retaliatory headbutt
a: Renounce Religion, Upheaval, Elemental Force


You were in a Gauntlet.
You worshipped Qazlal.
Qazlal was greatly pleased with you.
You visited 2 branches of the dungeon, and saw 13 of its levels.
You also visited: Sewer and Gauntlet.

You collected 791 gold pieces.
You spent 297 gold pieces at shops.

Inventory:

Hand Weapons
 f - the +2 morningstar of the Sage (weapon) {heavy, rElec Int+3 Dex+6}
   (You bought it in a shop on level 10 of the Dungeon)

   Int+3:     It affects your intelligence (+3).
   Dex+6:     It affects your dexterity (+6).
   rElec:     It insulates you from electricity.
 i - a +0 morningstar
Missiles
 h - 3 darts of dispersal (quivered)
 l - 4 javelins
 q - 54 poisoned darts
 u - 4 atropa-tipped darts
Armour
 b - a +0 scale mail (worn)
 c - a +0 buckler (worn)
 E - the +0 pair of boots "Ekhuil" (worn) {Slay+3}
   (You found it in a Gauntlet)

   Slay+3:    It affects your accuracy & damage with ranged weapons and melee
   (+3).
 L - a +0 pair of gloves (worn)
Jewellery
 r - a ring of willpower (left hand)
 s - a ring of willpower (right hand)
 v - an amulet of regeneration (around neck)
 I - the ring "Pasefon" {rPois rF+ rC+ Str-3}
   (You found it in a Gauntlet)

   [ring of protection from cold]

   Str-3:     It affects your strength (-3).
   rF+:       It protects you from fire.
   rC+:       It protects you from cold.
   rPois:     It protects you from poison
Wands
 B - a wand of charming (27)
 D - a wand of iceblast (7)
 H - a wand of flame (9)
 Q - a wand of polymorph (4)
Scrolls
 a - a scroll of fear {unknown}
 g - 3 scrolls of fog {unknown}
 j - 2 scrolls of poison {unknown}
 m - 4 scrolls of revelation
 o - 4 scrolls of teleportation
 p - 2 scrolls of vulnerability {unknown}
 w - 3 scrolls of enchant weapon {unknown}
 y - a scroll of acquirement {unknown}
 A - 2 scrolls of blinking {unknown}
 C - 2 scrolls of silence {unknown}
 F - 2 scrolls of enchant armour {unknown}
 G - a scroll of amnesia {unknown}
 N - a scroll of identify
 O - 2 scrolls of immolation {unknown}
 P - a scroll of torment {unknown}
Potions
 d - 2 potions of might
 e - a potion of brilliance
 k - a potion of berserk rage
 n - 2 potions of haste
 t - a potion of magic
 x - 8 potions of curing
 z - a potion of ambrosia
 J - a potion of resistance
 K - a potion of attraction
 M - a potion of enlightenment
 R - a potion of heal wounds


   Skills:
 + Level 12.7 Fighting
 - Level 16.0 Maces & Flails
 + Level 10.9 Armour
 + Level 6.8 Dodging
 + Level 7.1 Shields


You had 11 spell levels left.
You didn't know any spells.
Your spell library contained the following spells:

 Spells                   Type           Power      Damage    Failure   Level
 Sandblast                Erth           0%         2d4       71%         1
 Blink                    Tloc           0%         N/A       85%         2
 Lesser Beckoning         Tloc           0%         N/A       85%         2
 Momentum Strike          Conj/Tloc      0%         3d8       85%         2
 Dazzling Flash           Conj/Hex       0%         N/A       97%         3
 Passwall                 Erth           0%         N/A       97%         3
 Stone Arrow              Conj/Erth      0%         3d7       97%         3
 Tukima's Dance           Hex            0%         N/A       97%         3
 Volatile Blastmotes      Fire/Tloc      0%         2d10      97%         3
 Brom's Barrelling Bould  Conj/Erth      0%         2d3       100%        4
 Dimensional Bullseye     Hex/Tloc       0%         N/A       100%        4
 Iskenderun's Mystic Bla  Conj/Tloc      0%         2d3       100%        4
 Vhi's Electric Charge    Tloc/Air       0%         N/A       100%        4
 Arcjolt                  Conj/Air       0%         1d10      100%        5
 Plasma Beam              Fire/Air       0%         2x1d10    100%        6
 Starburst                Conj/Fire      0%         6d3       100%        6
 Maxwell's Capacitive Co  Air            0%         ∞         100%        8


Dungeon Overview and Level Annotations

Branches:
Dungeon (12/15)            Temple (1/1) D:4            Lair (0/5) D:10
    Orc (0/2) D:12          Sewer (visited)         Gauntlet (1/1)

Altars:
Ashenzari
Cheibriados
Dithmenos
Elyvilon
Fedhas
Gozag
Hepliaklqana
Kikubaaqudgha
Makhleb
Nemelex Xobeh
Okawaru
Qazlal
Ru
Sif Muna
Trog
Uskayaw
Vehumet
Wu Jian
Xom
Yredelemnul
Zin
The Shining One

Shops:
D:4 **   D:10 (

Portals:
Trove: D:10 (give +7 demon trident)

Annotations:
Gauntlet 10 transporters


Innate Abilities, Weirdness & Mutations

You have a pair of horns on your head.
You reflexively headbutt those who attack you in melee.


Message History

Magic restored.
You enter the transporter and appear at another place.
A minotaur comes into view.
It is wielding a +0 falchion and quivering silver javelins.
The minotaur throws a silver javelin.
The silver javelin closely misses you.
You start waiting.
A minotaur is nearby!
The minotaur hits you with a +0 falchion!
You block the minotaur's attack.
You flatten the minotaur like a pancake!!!
The minotaur is heavily wounded.
The minotaur closely misses you.
The minotaur gores you but does no damage.
You barely miss the minotaur.
The minotaur furiously retaliates!
The minotaur headbutts you, but does no damage.
You headbutt the minotaur, but do no damage.
The minotaur is heavily wounded.
The minotaur hits you with a +0 falchion!
You block the minotaur's attack. The minotaur blocks your attack. x2
The minotaur is heavily wounded.
The minotaur misses you.
The minotaur gores you but does no damage.
The minotaur blocks your attack.
The minotaur is heavily wounded.
You block the minotaur's attack. The minotaur gores you.
The minotaur blocks your attack.
The minotaur is heavily wounded.
The minotaur hits you with a +0 falchion!
You block the minotaur's attack. The minotaur blocks your attack.
Your headbutt misses the minotaur.
The minotaur is heavily wounded.
The minotaur hits you with a +0 falchion!!
The minotaur gores you!
The minotaur hits you with a +0 falchion!!
* * * LOW HITPOINT WARNING * * *
The minotaur gores you!
* * * LOW HITPOINT WARNING * * *
You feel much better.
The minotaur hits you with a +0 falchion!!
You die...

##########.#########.#####
#8# #§...............≈#
### #8.8.8.8.8.8.8.8.8#
#≈...............≈#
#####.###.###.#####
###.###.## .#
#............ #.###.###.#
#@###.###. #.H.......
#######'## .. ##


You could see a minotaur.

Vanquished Creatures
  Snorg (D:10)
  A centaur warrior (D:8)
  3 two-headed ogres
  A boulder beetle (D:8)
  2 obsidian statues (Gauntlet)
  Pikel (D:7)
  2 manticores (D:10)
  An oklob plant (D:10)
  4 cyclopes
  A gargoyle (D:12)
  Maggie (D:9)
  3 kobold demonologists (D:10)
  3 trolls
  A raiju (Gauntlet)
  A hornet (D:10)
  A wraith (D:10)
  4 wyverns
  3 shadows
  12 yaks
  A basilisk (D:8)
  Grum (D:11)
  4 vampire mosquitoes
  3 steam dragons
  An acid dragon (D:9)
  3 water moccasins
  Pargi (Sewer)
  2 sky beasts (D:6)
  An orc warrior (D:6)
  A black bear (D:8)
  A meliai simulacrum (D:10)
  3 ogres
  4 ice beasts
  2 centaurs
  3 wolves (D:11)
  A phantom (D:4)
  2 kobold brigands
  3 bullfrogs
  A gnoll sergeant (D:6)
  A scorpion (D:4)
  A burial acolyte (D:5)
  24 wights
  5 electric eels (D:11)
  2 howler monkeys
  A bombardier beetle (D:6)
  2 hounds
  3 jellies
  4 orc priests
  A gnoll bouda (D:6)
  Terence (D:2)
  Natasha (thrice) (D:3)
  5 orc wizards
  10 gnolls
  8 adders
  3 shadow imps (D:6)
  A white imp (D:6)
  2 ufetubi (D:6)
  3 ribbon worms (D:3)
  23 orcs
  7 bats
  4 endoplasms
  2 giant cockroaches
  9 goblins
  9 hobgoblins
  9 jackals
  5 quokkas
  3 ball pythons
  6 frilled lizards
  2 jackal zombies (D:5)
  20 kobolds
  4 rats
267 creatures vanquished.

Notes
Turn   | Place    | Note
-------+----------+-------------------------------------------
     0 | D:1      | Henri the Minotaur Fighter began the quest for the Orb.
     0 | D:1      | Reached XP level 1. HP: 19/19 MP: 0/0
   138 | D:1      | Reached skill level 3 in Maces & Flails
   177 | D:1      | Reached XP level 2. HP: 14/26 MP: 1/1
   370 | D:1      | Found a faded altar of an unknown god.
   435 | D:1      | Reached skill level 4 in Maces & Flails
   784 | D:2      | Reached XP level 3. HP: 31/31 MP: 2/2
  1018 | D:2      | Identified the +0 ring mail of Conscience {Rampage}
  1389 | D:2      | Noticed Terence
  1401 | D:2      | Killed Terence
  1402 | D:2      | Reached skill level 5 in Maces & Flails
  1402 | D:2      | Reached XP level 4. HP: 20/40 MP: 3/3
  1743 | D:3      | Noticed Natasha
  1751 | D:3      | Killed Natasha
  1871 | D:3      | Noticed Natasha
  1874 | D:3      | Killed Natasha
  1875 | D:3      | Reached XP level 5. HP: 45/46 MP: 4/4
  2051 | D:3      | Reached skill level 6 in Maces & Flails
  2177 | D:3      | Noticed an ogre
  2199 | D:3      | Killed an ogre
  2200 | D:3      | Reached XP level 6. HP: 14/53 MP: 5/5
  2508 | D:3      | Noticed Natasha
  2514 | D:3      | Killed Natasha
  2646 | D:3      | Found an ornate altar of the Wu Jian Council.
  2823 | D:4      | Reached skill level 5 in Fighting
  2823 | D:4      | Reached skill level 7 in Maces & Flails
  2823 | D:4      | Reached skill level 5 in Armour
  2883 | D:4      | Found a stormy altar of Qazlal.
  2884 | D:4      | Found a snail-covered altar of Cheibriados.
  2887 | D:4      | Became a worshipper of Qazlal Stormbringer
  2938 | D:4      | Found a staircase to the Ecumenical Temple.
  2952 | D:4      | Reached XP level 7. HP: 51/61 MP: 6/6
  2960 | Temple   | Entered the Ecumenical Temple
  3209 | D:4      | Found Doaziomm's General Store.
  3212 | D:4      | Found Dext's Specific Store.
  3217 | D:4      | Bought a scroll of teleportation for 30 gold pieces
  3225 | D:4      | Bought 2 potions of curing for 60 gold pieces
  3396 | D:5      | Entered Level 5 of the Dungeon
  3438 | D:5      | Found a basalt altar of Yredelemnul.
  3836 | D:5      | Found an ancient bone altar of Kikubaaqudgha.
  3868 | D:5      | Reached skill level 8 in Maces & Flails
  3932 | D:5      | Reached * piety under Qazlal
  4106 | D:6      | Found a glowing drain.
  4124 | Sewer    | Entered a sewer
  4192 | Sewer    | Noticed Pargi
  4210 | Sewer    | Killed Pargi
  4211 | Sewer    | Reached skill level 5 in Shields
  4333 | D:6      | Reached XP level 8. HP: 71/71 MP: 7/7
  4374 | D:6      | Reached skill level 9 in Maces & Flails
  4374 | D:6      | Reached skill level 1 in Dodging
  4554 | D:6      | Reached skill level 10 in Maces & Flails
  4834 | D:6      | Reached XP level 9. HP: 80/80 MP: 8/8
  4838 | D:6      | Reached ** piety under Qazlal
  5145 | D:6      | Reached skill level 11 in Maces & Flails
  5355 | D:7      | Found a sparkling altar of Nemelex Xobeh.
  5411 | D:7      | Reached skill level 5 in Dodging
  5416 | D:7      | Noticed Pikel
  5431 | D:7      | Killed Pikel
  5432 | D:7      | Reached skill level 12 in Maces & Flails
  5910 | D:8      | Noticed a troll
  5910 | D:8      | Noticed a boulder beetle
  5910 | D:8      | Noticed a centaur warrior
  5915 | D:8      | Reached XP level 10. HP: 88/91 MP: 9/9
  5941 | D:8      | Killed a centaur warrior
  5942 | D:8      | Reached skill level 13 in Maces & Flails
  6094 | D:8      | Reached skill level 10 in Fighting
  6644 | D:8      | Killed a boulder beetle
  6645 | D:8      | Reached skill level 14 in Maces & Flails
  6822 | D:9      | Reached *** piety under Qazlal
  6827 | D:9      | Noticed Maggie
  6854 | D:9      | Killed Maggie
  7373 | D:9      | Reached XP level 11. HP: 101/101 MP: 10/10
  7455 | D:10     | Entered Level 10 of the Dungeon
  7511 | D:10     | Noticed a two-headed ogre
  7526 | D:10     | Killed a two-headed ogre
  7541 | D:10     | Noticed a soul eater
  7548 | D:10     | Reached skill level 15 in Maces & Flails
  7670 | D:10     | Found a blossoming altar of Fedhas.
  7734 | D:10     | Paralysed by a hornet for 3 turns
  7971 | D:10     | Noticed a two-headed ogre
  7982 | D:10     | Killed a two-headed ogre
  8003 | D:10     | Noticed an oklob plant
  8038 | D:10     | Reached skill level 16 in Maces & Flails
  8045 | D:10     | Reached **** piety under Qazlal
  8087 | D:10     | Noticed Snorg
  8116 | D:10     | Killed Snorg
  8367 | D:10     | Found a staircase to the Lair.
  8370 | D:10     | Found Qumpeuco's Antique Weapon Boutique.
  8378 | D:10     | Bought a crude morningstar for 207 gold pieces
  8378 | D:10     | Identified the +2 morningstar of the Sage {heavy, rElec
                  | Int+3 Dex+6} (You bought it in a shop on level 10 of the
                  | Dungeon)
  8641 | D:10     | Found a portal to a secret trove of treasure.
  8704 | D:10     | Killed an oklob plant
  8705 | D:10     | Reached skill level 10 in Armour
  8890 | D:11     | Noticed a two-headed ogre
  8904 | D:11     | Killed a two-headed ogre
  8905 | D:11     | Reached XP level 12. HP: 93/112 MP: 11/11
  9083 | D:11     | Noticed Grum
  9092 | D:11     | Killed Grum
  9176 | D:11     | Found a glowing golden altar of the Shining One.
  9365 | D:12     | Found a gate leading to a gauntlet.
  9372 | Gauntlet | Entered a Gauntlet
  9372 | Gauntlet | Found a transporter.
  9372 | Gauntlet | Found a transporter.
  9417 | Gauntlet | Found a transporter.
  9417 | Gauntlet | Found a transporter.
  9441 | Gauntlet | Found a transporter.
  9451 | Gauntlet | Found a transporter.
  9451 | Gauntlet | Found a transporter.
  9451 | Gauntlet | Noticed a dire elephant
  9455 | Gauntlet | Found a transporter.
  9482 | Gauntlet | Found a transporter.
  9489 | Gauntlet | Found a transporter.
  9507 | Gauntlet | Found a transporter.
  9548 | Gauntlet | Found a transporter.
  9556 | Gauntlet | Noticed a hell hog
  9562 | Gauntlet | Found a transporter.
  9653 | Gauntlet | Found a transporter.
  9662 | Gauntlet | Found a transporter.
  9664 | Gauntlet | Noticed a death yak
  9664 | Gauntlet | Noticed a death yak
  9664 | Gauntlet | Noticed a death yak
  9665 | Gauntlet | Noticed a death yak
  9678 | Gauntlet | Found a transporter.
  9935 | Gauntlet | Identified the +0 pair of boots "Ekhuil" {Slay+3}
 10008 | Gauntlet | Identified the ring "Pasefon" {rPois rF+ rC+ Str-3}
 10111 | Gauntlet | Noticed a minotaur
 10124 | Gauntlet | HP: 4/113 [minotaur/+0 falchion (11)]
 10125 | Gauntlet | Slain by a minotaur

Illustrated notes

Levels and vault maps discovered:
D:1:      dpeg_arrival_simpleton_c, layout_loops_ring,
          ebering_ecumenical_altar_abandoned, minmay_strange_pillars
D:2:      wad_crossroads, layout_loops_corners, uniq_terence
D:3:      layout_basic, lemuel_round_altar, uniq_natasha
D:4:      layout_loops_ring, mainiacjoe_overflow_divided_tiny,
          minmay_temple_entry_crystal_x, nicolae_specific_store
D:5:      layout_basic, lemuel_zombie_altar_kikubaaqudgha,
          mainiacjoe_overflow_paths
D:6:      layout_basic, portal_sewer_entry_b
D:7:      layout_gridville, mainiacjoe_overflow_concentric_impassable,
          uniq_pikel
D:8:      minmay_curly_fans, layout_loops_corners
D:9:      layout_loops_ring, uniq_maggie
D:10:     layout_gridville, fedhas_altar_2, dpeg_oklobed_lair, serial_shops,
          shop, enter_trove_2, minmay_bent, uniq_snorg
D:11:     layout_basic, corexii_corridor_pit, tso_oasis_becter, uniq_grum
D:12:     layout_rooms, hiddenorc2_lemuel, gauntlet_entry_generic,
          nicolae_sif_muna_condensation
Temple:   minmay_freezing_vapour_temple
Gauntlet: gammafunk_gauntlet_branching [gammafunk_gauntlet_arena_hedges,
          gammafunk_gauntlet_arena_split_x, gammafunk_gauntlet_arena_spirals,
          nicolae_gauntlet_arena_flowing_pool, gammafunk_gauntlet_arena_corners,
          nicolae_gauntlet_swirl, nicolae_gauntlet_arena_grate_2,
          gammafunk_gauntlet_arena_teeth, gauntlet_exit_watery]

Skill      XL: |  1  2  3  4  5  6  7  8  9 10 11 12 |
---------------+-------------------------------------+-----
Maces & Flails | 3 4 5 6 7 8 10 12 14 16 | 16.0
Armour         | 4 5 6 8 10 | 10.9
Fighting       | 4 5 6 7 9 10 12 | 12.7
Shields        | 5 6 7 |  7.1
Dodging        | 3 5 6 |  6.8

Action                     |  1- 3 |  4- 6 |  7- 9 | 10-12 || total
---------------------------+-------+-------+-------+-------++-------
  Melee: Flail             |    95 |    98 |    27 |       ||   220
         Headbutt          |     5 |    21 |    46 |   111 ||   183
         Morningstar       |       |       |   269 |   446 ||   715
    Use: Scroll            |       |       |    12 |     3 ||    15
         Potion            |       |       |       |     4 ||     4
 Armour: Scale mail        |    60 |    72 |   181 |   283 ||   596
  Dodge: Dodged            |    35 |    33 |   136 |   157 ||   361
         Repelled          |       |       |       |     4 ||     4
  Block: Buckler           |    25 |    16 |    84 |   183 ||   308
